Unix NetHack Version 3.7.0-97 Work-in-progress - last build Jan 28 2024 15:41:29 (157cf090cb53e479d994ec1a4552202481ff9585,branch:master). Game began 2024-01-29 13:43:50, ended 2024-01-29 15:53:53. youngster, lawful female human Knight -------------- |..........<.| --+-- |............| |.... ## |............| |...... ##.............| |........ # |............| |.........r@#### -------------- |.......= --------- Youngster the Esquire St:16 Dx:9 Co:11 In:9 Wi:15 Ch:17 Lawful Dlvl:6 $:108 HP:0(34) Pw:32(32) AC:2 Xp:4/117 T:2914 Fly Latest messages: (For instructions type a '?') You kill the coyote! You see here a coyote corpse. There is a coyote corpse here; eat it? [ynq] (n) This coyote corpse is gamey. You stop eating the coyote corpse. You hit the giant rat. The giant rat bites! You kill the giant rat! There is a partly eaten coyote corpse here; eat it? [ynq] (n) You resume your meal. You stop eating the coyote corpse. You miss the coyote. The coyote misses! You miss the coyote. The coyote bites! You miss the coyote. The coyote misses! You kill the coyote! There is a partly eaten coyote corpse here; eat it? [ynq] (n) You consume the last bite of your meal. You finish eating the coyote corpse. Where do you want to travel to? (For instructions type a '?') Something is written here in the dust. You read: "Elbe?c?r". Where do you want to travel to? (For instructions type a '?') You fly down the stairs. In what direction? As you kick the door, it crashes open! The door opens. In what direction? The door resists! You hit the rabid rat. The rabid rat misses! You hit the rabid rat. The rabid rat bites! You hit the rabid rat. The rabid rat bites! You miss the rabid rat. The rabid rat misses! You miss the rabid rat. The rabid rat bites! You miss the rabid rat. The rabid rat bites! What do you want to write with? [- atF or ?*] You write in the dust with your fingertip. The rabid rat bites! You die... Inventory: Coins ('$') $ - 108 gold pieces Amulets ('"') j - an uncursed amulet of flying (being worn) Weapons (')') t - 2 cursed +0 darts (at the ready) a - an uncursed +0 long sword (weapon in right hand) Armor ('[') d - a blessed +0 helmet (being worn) f - an uncursed +0 pair of leather gloves (being worn) E - an uncursed +0 pair of elven boots (being worn) e - an uncursed +0 small shield (being worn) c - an uncursed +1 ring mail (being worn) Comestibles ('%') q - 2 uncursed food rations Potions ('!') G - an uncursed potion of invisibility Rings ('=') F - an uncursed ring of levitation Youngster the Knight's attributes: Background: You were an Esquire, a level 4 female human Knight. You were lawful, nominally on a mission for Lugh who was opposed by Brigit (neutral) and Manannan Mac Lir (chaotic). You were right-handed. You were in the Dungeons of Doom, on level 6. You entered the dungeon 2914 turns ago. You had 117 experience points, 43 more were needed to attain level 5. Basics: You had 0 out of 34 hit points. You had all 32 energy points (spell power). Your armor class was 2. Your wallet contained 108 zorkmids. Autopickup was on for '$?!"=/*' plus thrown, with exceptions. Final Characteristics: Your strength was 16 (limit:18/100). Your dexterity was 9 (limit:18). Your constitution was 11 (limit:18). Your intelligence was 9 (limit:18). Your wisdom was 15 (limit:18). Your charisma was 17 (limit:18). Final Status: You were flying. You weren't hungry. You were unencumbered. You were wielding a long sword. You had basic skill with long sword. Final Attributes: You were piously aligned. You were telepathic. You were stealthy. You could jump. You were warded. You are dead. Miscellaneous: You never encountered a bones level. Total elapsed playing time was 37 minutes and 34 seconds. Major events: Turn 1: youngster the lawful female human Knight entered the dungeon 910: entered the Gnomish Mines 2135: attained the rank of Esquire (level 3) 2914: killed by a rabid rat Vanquished creatures: a warhorse a shrieker 2 gnome leaders 2 elf zombies a little dog a floating eye a dwarf a kobold leader a dwarf zombie an iguana an acid blob 2 coyotes a hobbit 2 giant rats a green mold 14 gnomes 4 garter snakes a gnome zombie 2 geckos 3 jackals 2 foxes 3 kobolds 6 goblins 2 sewer rats 2 grid bugs 2 bats 2 kobold zombies 2 newts 64 creatures vanquished. No species were genocided or became extinct. Voluntary challenges: You were an atheist. You read items or engraved 10 times. You engraved Elbereth 7 times. You never genocided any monsters. You never polymorphed an object. You never changed form. You used no wishes. Achievements: You entered the Gnomish Mines. You entered a shop. You attained the rank of Esquire. The Dungeons of Doom: levels 1 to 6 Level 1: "vault" A grave. Level 2: "barz" A fountain. Level 3: Some fountains. Stairs down to The Gnomish Mines. Level 4: "stash" Level 5: Many fountains. Oracle of Delphi. Level 6: <- You were here. Final resting place for you, killed by a rabid rat. The Gnomish Mines: levels 4 to 6 Level 4: Level 5: Level 6: Game over: ---------- / \ / REST \ / IN \ / PEACE \ / \ | youngster | | 108 Au | | killed by a | | rabid rat | | | | | | 2024 | *| * * * | * _________)/\\_//(\/(/\)/\//\/|_)_______ Fare thee well youngster the Knight... You died in The Dungeons of Doom on dungeon level 6 with 816 points, and 108 pieces of gold, after 2914 moves. You were level 4 with a maximum of 34 hit points when you died.